 Dungeon Crawl Stone Soup version 0.22-a0-430-g6609fc6 (webtiles) character file.

40585 Veiltonx the Thaumaturge (level 13, 0/79 HPs)
             Began as a Deep Elf Conjurer on May 26, 2018.
             Was a High Priest of Vehumet.
             Slain by a komodo dragon (29 damage)
             ... on level 5 of the Lair of Beasts.
             The game lasted 01:41:26 (20353 turns).

Veiltonx the Thaumaturge (Deep Elf Conjurer)       Turns: 20353, Time: 01:41:26

Health: 0/79       AC:  8    Str:  5    XL:     13   Next: 75%
Magic:  0/47       EV: 19    Int: 26    God:    Vehumet [*****.]
Gold:   1161       SH:  7    Dex: 15    Spells: 17/38 levels left

rFire    + . .     SeeInvis +   H - staff of power
rCold    + . .     Gourm    .   x - +2 buckler
rNeg     . . .     Faith    .   y - +2 robe {rC+ rF+}
rPois    .         Spirit   .   d - +1 hat {SInv}
rElec    .         Reflect  .   S - +1 cloak
rCorr    .         Harm     .   (no gloves)
MR       +....                  K - +0 pair of boots
Stlth    ++........             r - amulet of the acrobat
HPRegen  0.23/turn              i - +3 ring of slaying
MPRegen  0.30/turn              X - +5 ring of evasion

@: no status effects
A: no striking features
a: Renounce Religion


You were on level 5 of the Lair of Beasts.
You worshipped Vehumet.
Vehumet was extremely pleased with you.
You were not hungry.

You visited 3 branches of the dungeon, and saw 18 of its levels.
You also visited: Ossuary.

You collected 1161 gold pieces.

Inventory:

Armour
 d - a +1 hat of see invisible (worn)
 p - +0 steam dragon scales
 x - a +2 buckler (worn)
 y - a +2 robe of resistance (worn)
 K - a +0 pair of boots (worn)
 S - a +1 cloak (worn)
 T - a +0 robe of the Archmagi
Magical Staves
 H - an uncursed staff of power (weapon)
Jewellery
 i - a +3 ring of slaying (left hand)
 r - an amulet of the acrobat (around neck)
 A - an uncursed amulet of magic regeneration {unknown}
 E - an uncursed amulet of faith {unknown}
 W - a +3 ring of dexterity
 X - a +5 ring of evasion (right hand)
Wands
 e - a wand of paralysis (6)
 o - a wand of digging (12)
 B - a wand of random effects (19)
 I - a wand of iceblast (10)
Scrolls
 a - a scroll of immolation {unknown}
 h - 11 scrolls of teleportation
 j - 6 scrolls of fear
 l - a scroll of brand weapon {unknown}
 t - 11 scrolls of remove curse
 u - 5 scrolls of enchant weapon
 v - 2 scrolls of vulnerability
 w - a scroll of holy word {unknown}
 C - 2 scrolls of enchant armour
 D - 4 scrolls of amnesia
 F - 3 scrolls of fog
 M - 2 scrolls of magic mapping {unknown}
 P - a scroll of summoning {unknown}
 Y - a scroll of blinking {unknown}
Potions
 b - 7 potions of flight
 f - 8 potions of curing
 g - a potion of magic
 k - 5 potions of heal wounds
 m - a potion of cancellation
 n - 4 potions of agility
 q - 2 potions of lignification
 s - 2 potions of ambrosia
 z - 2 potions of berserk rage
 G - a potion of brilliance
 V - 2 potions of might
Comestibles
 c - 28 rations
 J - 4 chunks of flesh


   Skills:
 + Level 8.7 Fighting
 - Level 7.3 Staves
 + Level 3.8 Armour
 + Level 3.9 Dodging
 - Level 3.0 Stealth
 - Level 4.0 Shields
 + Level 13.2 Spellcasting
 + Level 13.1 Conjurations
 - Level 12.0 Hexes
 - Level 3.0 Translocations
 + Level 5.8 Air Magic


You had 17 spell levels left.
You knew the following spells:

 Your Spells              Type           Power        Failure   Level  Hunger
a - Magic Dart            Conj           ####         0%          1    None
b - Searing Ray           Conj           ######       0%          2    None
c - Dazzling Spray        Conj/Hex       ######       1%          3    None
d - Iskenderun's Mystic   Conj           ######..     1%          4    None
e - Fulminant Prism       Conj/Hex       ######....   1%          4    None
f - Blink                 Tloc           N/A          1%          2    None
g - Lightning Bolt        Conj/Air       ######....   1%          5    ##.....

Your spell library contained the following spells:

 Spells                   Type           Power        Failure   Level  Hunger
 Conjure Flame            Conj/Fire      ######..     1%          3    None
 Slow                     Hex            ######..     1%          2    None
 Confuse                  Hex            ######..     1%          3    None
 Mephitic Cloud           Conj/Pois/Air  ######..     1%          3    None
 Call Imp                 Summ           ###.....     4%          2    None
 Tukima's Dance           Hex            ######..     1%          3    None
 Confusing Touch          Hex            ######       1%          1    None
 Ensorcelled Hibernation  Hex/Ice        #####.       1%          2    None
 Metabolic Englaciation   Hex/Ice        #####.....   8%          5    ##.....
 Corona                   Hex            ######.      1%          1    None
 Petrify                  Tmut/Erth      ###.....     32%         4    None
 Force Lance              Conj/Tloc      ######..     1%          4    None
 Gell's Gravitas          Tloc           ####......   2%          3    None
 Yara's Violent Unravell  Hex/Tmut       #####.....   2%          5    ##.....


Dungeon Overview and Level Annotations

Branches:
Dungeon (11/15)            Temple (1/1) D:6            Lair (6/6) D:11
  Swamp (0/4) Lair:4       Spider (0/4) Lair:4          Orc (0/2) D:10
  Slime: Lair:5-6

Altars:
Ashenzari
Cheibriados
Dithmenos
Elyvilon
Fedhas
Gozag
Hepliaklqana
Kikubaaqudgha
Makhleb
Nemelex Xobeh
Okawaru
Qazlal
Ru
Sif Muna
Trog
Uskayaw
Vehumet
Wu Jian
Xom
Yredelemnul
Zin
The Shining One

Shops:
D:7 (   D:9 *

Annotations:
D:6 2 transporters
D:10 exclusion: 3 doors


Message History

The magic dart hits the komodo dragon.
The komodo dragon is severely wounded.
The komodo dragon completely misses you.
You closely miss the komodo dragon.
The komodo dragon is severely wounded.
You hit the komodo dragon but do no damage.
The komodo dragon is severely wounded.
You block the komodo dragon's attack.
You hit the komodo dragon but do no damage.
The komodo dragon is severely wounded.
The komodo dragon closely misses you.
Casting: Magic Dart (safe; 0% risk of failure)
Confirm with . or Enter, or press ? or * to list all spells.
Aiming: Magic Dart (safe; 0% risk of failure)
Press: ? - help, Shift-Dir - straight line, f/p - komodo dragon
Aim: a komodo dragon (severely wounded)
The magic dart hits the komodo dragon.
The komodo dragon is severely wounded.
The komodo dragon bites you!!
You die...

.#.....#....#.....#..............
......##.....#....#..............
#P....###PP..#..................#
............P#....##.P.#.##......
#...................##...##......
#..........................†.†...
...................).............
........(......(.................
................@................
...............l.................
.................................
#......#...P.....................
#...###...P.##.............P.....
.....##.....#.......###...##.....
#...P#......#P.......#....#P.....
....+.......#.............#.....P
....#.#....>.........+...........


You could see a komodo dragon.

Vanquished Creatures
  Gastronok (Lair:2)
  Josephine (D:10)
  6 hydras
  Erica (D:8)
  3 death yaks (Lair:3)
  3 two-headed ogres
  Urug (Lair:4)
  2 unseen horrors (D:11)
  3 oklob plants (Lair:4)
  2 cyclopes
  An elephant (D:11)
  5 torpor snails (Lair:4)
  4 black mambas
  7 spiny frogs
  3 rime drakes
  6 komodo dragons
  A troll (D:11)
  4 hornets
  12 dream sheep
  A polar bear (Lair:5)
  8 blink frogs
  6 hippogriffs
  9 wraiths
  15 yaks
  3 wyverns
  A basilisk (D:11)
  A steam dragon (Lair:3)
  A hungry ghost (D:10)
  A soldier ant (D:8)
  10 water moccasins
  6 porcupines
  A sky beast (D:9)
  2 ice beasts
  4 phantoms
  An eye of draining (D:10)
  2 black bears
  A necrophage (D:11)
  3 ogres
  2 orc warriors
  6 wolves (Lair:5)
  5 centaurs
  9 crocodiles
  A big kobold (D:11)
  16 bullfrogs
  A wyvern zombie (D:10)
  8 scorpions
  A wyvern skeleton (D:11)
  15 killer bees
  5 howler monkeys
  8 crimson imps
  2 bullfrog zombies
  An orc priest (D:7)
  3 hounds
  A jelly (D:11)
  A quasit (D:11)
  Crazy Yiuf (D:2)
  2 bullfrog skeletons
  3 iguanas
  7 orc wizards
  10 worker ants
  A killer bee zombie (D:7)
  4 hound zombies
  A mummy (Ossuary)
  A howler monkey zombie (D:4)
  4 gnolls
  10 adders
  3 oozes
  An adder skeleton (D:5)
  An adder zombie (D:9)
  5 worms
  5 leopard geckos
  21 orcs
  7 bats
  A bat zombie (D:1)
  10 giant cockroaches
  4 goblins
  9 hobgoblins
  9 jackals
  10 kobolds
  5 quokkas
  4 ball pythons
  A ball python skeleton (D:2)
  6 frilled lizards
  9 gnoll skeletons (Ossuary)
  4 kobold skeletons (Ossuary)
  A leopard gecko skeleton (D:4)
  12 orc skeletons (Ossuary)
  A quokka zombie (D:1)
  13 rats
  10 fungi
423 creatures vanquished.

Vanquished Creatures (others)
  A spiny frog (Lair:5)
  115 fulminant prisms
  15 fungi
  15 plants
146 creatures vanquished.

Grand Total: 569 creatures vanquished

Notes
Turn   | Place    | Note
-------+----------+-------------------------------------------
     0 | D:1      | Veiltonx the Deep Elf Conjurer began the quest for the Orb.
     0 | D:1      | Reached XP level 1. HP: 10/10 MP: 6/6
   216 | D:1      | Reached XP level 2. HP: 15/15 MP: 4/8
   254 | D:1      | Learned a level 2 spell: Searing Ray
   791 | D:1      | Reached XP level 3. HP: 19/19 MP: 6/10
  1224 | D:1      | Learned a level 3 spell: Dazzling Spray
  1433 | D:2      | Reached skill level 5 in Conjurations
  1433 | D:2      | Reached XP level 4. HP: 24/24 MP: 2/12
  1493 | D:2      | Reached skill level 1 in Fighting
  1600 | D:2      | Reached skill level 1 in Hexes
  1877 | D:2      | Reached XP level 5. HP: 29/29 MP: 5/13
  1937 | D:2      | Learned a level 4 spell: Iskenderun's Mystic Blast
  2010 | D:2      | Found a runed door.
  2014 | D:2      | Noticed Crazy Yiuf
  2018 | D:2      | Killed Crazy Yiuf
  2061 | D:2      | Found a deep blue altar of Sif Muna.
  2341 | D:3      | Reached skill level 1 in Shields
  2640 | D:4      | Reached skill level 5 in Spellcasting
  3101 | D:4      | Found a sand-covered staircase.
  3106 | Ossuary  | Entered an ossuary
  3106 | Ossuary  | Noticed a wraith
  3106 | Ossuary  | Noticed a wraith
  3106 | Ossuary  | Noticed a wraith
  3281 | Ossuary  | Reached XP level 6. HP: 34/34 MP: 7/15
  3728 | Ossuary  | Noticed a wraith
  3744 | Ossuary  | Killed a wraith
  3750 | Ossuary  | Learned a level 4 spell: Fulminant Prism
  4496 | D:4      | Reached XP level 7. HP: 38/38 MP: 13/17
  4918 | D:5      | Entered Level 5 of the Dungeon
  4923 | D:5      | Found an iron altar of Okawaru.
  4931 | D:5      | Found a shattered altar of Ashenzari.
  4959 | D:5      | Got a scorched ring mail
  4970 | D:5      | Identified the +1 ring mail "Geuschi" {*Corrode Str+3 Int+4} (You found it on level 5 of the Dungeon)
  4997 | D:5      | Found a sacrificial altar of Ru.
  5325 | D:5      | Found a white marble altar of Elyvilon.
  5477 | D:5      | Found a deep blue altar of Sif Muna.
  5522 | D:5      | Noticed a two-headed ogre
  5531 | D:5      | Killed a two-headed ogre
  5531 | D:5      | Reached XP level 8. HP: 43/43 MP: 7/21
  5631 | D:5      | Got a shimmering trident
  5632 | D:5      | Identified the +5 trident "Duis Roi" {flame, rN+ Dex+4 Stlth-} (You found it on level 5 of the Dungeon)
  5726 | D:5      | Found a burning altar of Makhleb.
  5726 | D:5      | Noticed a balrug
  6220 | D:6      | Learned a level 2 spell: Blink
  6317 | D:6      | Reached skill level 1 in Translocations
  6322 | D:6      | Found a basalt altar of Yredelemnul.
  6438 | D:6      | Found a transporter.
  6438 | D:6      | Noticed a rakshasa
  6439 | D:6      | Found an ornate altar of the Wu Jian Council.
  6441 | D:6      | Found a transporter.
  6546 | D:6      | Found a staircase to the Ecumenical Temple.
  6567 | Temple   | Entered the Ecumenical Temple
  6756 | Temple   | Became a worshipper of Vehumet
  7137 | D:7      | Reached XP level 9. HP: 48/48 MP: 9/23
  7363 | D:7      | Found Dicasaga's Weapon Shoppe.
  7456 | D:7      | HP: 2/48 [poisoned by a killer bee]
  7463 | D:7      | HP: 2/48 [poisoned by a killer bee]
  7977 | D:7      | Found a shimmering altar of Xom.
  7992 | D:7      | Found a shimmering altar of Xom.
  7993 | D:7      | Found a shimmering altar of Xom.
  7994 | D:7      | Found a shimmering altar of Xom.
  7995 | D:7      | Found a shimmering altar of Xom.
  7996 | D:7      | Found a shimmering altar of Xom.
  7997 | D:7      | Found a shimmering altar of Xom.
  8147 | D:7      | Reached * piety under Vehumet
  8147 | D:7      | Offered knowledge of Shock by Vehumet.
  9239 | D:8      | Noticed Erica
  9252 | D:8      | Killed Erica
  9254 | D:8      | Reached XP level 10. HP: 48/56 MP: 0/25
  9599 | D:8      | Reached skill level 10 in Spellcasting
 10074 | D:9      | Reached ** piety under Vehumet
 10131 | D:9      | Offered knowledge of Throw Flame by Vehumet.
 10267 | D:9      | Found a blossoming altar of Fedhas.
 10283 | D:9      | Noticed a two-headed ogre
 10289 | D:9      | Found Hobiaru's General Store.
 10293 | D:9      | Killed a two-headed ogre
 10293 | D:9      | Reached skill level 5 in Fighting
 10293 | D:9      | Reached skill level 10 in Conjurations
 10856 | D:10     | Entered Level 10 of the Dungeon
 10869 | D:10     | Reached skill level 10 in Hexes
 10984 | D:10     | Noticed a cyclops
 10992 | D:10     | Reached XP level 11. HP: 64/64 MP: 28/28
 11065 | D:10     | Found a staircase to the Orcish Mines.
 11397 | D:10     | Noticed Josephine
 11430 | D:10     | Offered knowledge of Ignite Poison by Vehumet.
 11463 | D:10     | Noticed a two-headed ogre
 11490 | D:10     | Killed a two-headed ogre
 11888 | D:10     | Reached *** piety under Vehumet
 11888 | D:10     | Reached skill level 1 in Staves
 12115 | D:10     | Found the +5 scythe "Finisher" {speed, Str+3}
 12201 | D:10     | Killed Josephine
 12808 | D:11     | Offered knowledge of Airstrike by Vehumet.
 12939 | D:11     | Noticed a five-headed hydra
 12949 | D:11     | Killed a five-headed hydra
 13380 | D:11     | Found a staircase to the Lair.
 13573 | D:11     | Reached **** piety under Vehumet
 13587 | D:11     | Noticed an unseen horror
 13673 | D:11     | Noticed an unseen horror
 13678 | D:11     | Killed an unseen horror
 13765 | D:11     | Killed an unseen horror
 13765 | D:11     | Reached XP level 12. HP: 32/71 MP: 23/30
 13933 | Lair:1   | Entered Level 1 of the Lair of Beasts
 14338 | Lair:1   | Noticed an eight-headed hydra
 14357 | Lair:1   | Killed an eight-headed hydra
 14599 | Lair:1   | Offered knowledge of Lightning Bolt by Vehumet.
 14606 | Lair:1   | Learned a level 5 spell: Lightning Bolt
 14615 | Lair:1   | Noticed a six-headed hydra
 14624 | Lair:1   | Killed a six-headed hydra
 14644 | Lair:1   | Reached skill level 1 in Air Magic
 14985 | Lair:1   | Reached skill level 5 in Staves
 15288 | Lair:2   | Noticed a four-headed hydra
 15296 | Lair:2   | Killed a four-headed hydra
 15346 | Lair:2   | Noticed Gastronok
 15354 | Lair:2   | Killed Gastronok
 16275 | Lair:3   | Reached skill level 1 in Armour
 16404 | Lair:3   | Noticed a death yak
 16404 | Lair:3   | Noticed a death yak
 16413 | Lair:3   | Killed a death yak
 16414 | Lair:3   | Noticed a death yak
 16415 | Lair:3   | Noticed a death yak
 16421 | Lair:3   | Noticed a death yak
 16422 | Lair:3   | Noticed a death yak
 16433 | Lair:3   | Killed a death yak
 16436 | Lair:3   | Killed a death yak
 16513 | Lair:3   | Noticed a seven-headed hydra
 16524 | Lair:3   | Killed a seven-headed hydra
 16524 | Lair:3   | Reached XP level 13. HP: 42/78 MP: 12/32
 17299 | Lair:4   | HP: 3/78 [poisoned by a water moccasin]
 17306 | Lair:4   | HP: 3/78 [poisoned by a water moccasin]
 17314 | Lair:4   | HP: 3/78 [poisoned by a water moccasin]
 17655 | Lair:4   | Found a staircase to the Swamp.
 18275 | Lair:4   | Noticed Urug
 18284 | Lair:4   | Killed Urug
 18413 | Lair:4   | Reached skill level 5 in Air Magic
 18707 | Lair:4   | Found a hole to the Spider Nest.
 19020 | Lair:4   | Found a snail-covered altar of Cheibriados.
 19313 | Lair:5   | Reached ***** piety under Vehumet
 19722 | Lair:5   | Offered knowledge of Bolt of Cold by Vehumet.
 20228 | Lair:6   | Entered Level 6 of the Lair of Beasts
 20353 | Lair:5   | Slain by a komodo dragon

Vault maps used:
D:1:      saegor_arrival_fortress, minmay_rat_gold_closets
D:2:      lemuel_blue_sif_altar, kennysheep_generic_room_8,
          uniq_crazy_yiuf_cottage
D:3:      first_ration
D:4:      enter_ossuary_5, minmay_gold_behind_fungi, minmay_misc_feat_tiny,
          kennysheep_generic_room_6
D:5:      marbit_many_paths, makhleb_altar_promises_db, minitemple,
          nicolae_ru_great_annihilating_truth, basic_altar
D:6:      lemuel_doored_altar, gammafunk_temple_overflow_arena,
          minmay_temple_entry_statues_pillars
D:7:      xom_redecorated, serial_shops, nicolae_shop_statue_plus
D:8:      hangedman_pestilent_swarm, uniq_erica
D:9:      lemuel_crystal_altar, serial_shops, nicolae_shop_trees
D:10:     orc_0_dummy, palyth_stone_intersect, minmay_guarded_unrand_finisher,
          uniq_josephine
D:11:     david_lair_generic
Temple:   minmay_temple_bridge_abc
Lair:1:   grunt_megastairs_4
Lair:2:   st_stairs_13, lemuel_fruit_fields, infiniplex_staircase_pool_2,
          serial_bayou_shore_b, uniq_gastronok
Lair:3:   serial_bayou_pond_e
Lair:4:   swamp_mist, nicolae_spider_entry_non_spiders, kennysheep_snail_temple,
          minmay_lair_oklob_chamber, uniq_urug
Lair:5:   lemuel_old_faithful
Lair:6:   gammafunk_lair_ancient_temple, slime_altar_1
Ossuary:  ossuary_due_mausoleum

Skill      XL: |  1  2  3  4  5  6  7  8  9 10 11 12 13 |
---------------+----------------------------------------+-----
Stealth        | 3 |  3.0
Dodging        | 3 |  3.9
Spellcasting   | 4 5 7 8 9 11 12 13 | 13.2
Conjurations   | 5 6 7 9 10 11 12 13 | 13.1
Fighting       | 1 3 5 6 7 8 |  8.7
Hexes          | 1 2 3 6 8 10 11 12 | 12.0
Shields        | 1 2 3 4 |  4.0
Translocations | 1 3 |  3.0
Staves         | 3 6 7 |  7.3
Air Magic      | 4 5 |  5.8
Armour         | 1 3 |  3.8

Action                   |  1- 3 |  4- 6 |  7- 9 | 10-12 | 13-15 || total
-------------------------+-------+-------+-------+-------+-------++-------
Melee: Unarmed           |     1 |       |       |       |       ||     1
       Dagger            |       |    58 |       |       |       ||    58
       Trident           |       |       |    33 |       |       ||    33
       Staff             |       |       |       |    25 |     4 ||    29
 Cast: Magic Dart        |    86 |   176 |   194 |   288 |   100 ||   844
       Searing Ray       |       |    10 |    16 |    85 |    33 ||   144
       Dazzling Spray    |       |     1 |       |     7 |       ||     8
       Fulminant Prism   |       |       |    14 |    58 |    43 ||   115
       Iskenderun's Myst |       |       |     1 |    23 |     4 ||    28
       Blink             |       |       |     1 |     3 |     1 ||     5
       Lightning Bolt    |       |       |       |    16 |    20 ||    36
  Use: Scroll            |       |     9 |     4 |    11 |     2 ||    26
  Eat: Chunk             |     1 |    10 |    12 |    16 |    13 ||    52
       Ration            |       |       |     1 |     2 |       ||     3
Armor: Robe              |     4 |     6 |    15 |    34 |     8 ||    67
Dodge: Dodged            |    23 |    27 |    69 |   201 |    97 ||   417
Block: Buckler           |       |       |    21 |    72 |    23 ||   116

Table legend:
 A = Spawn XP
 B = Non-spawn XP
 C = Spawn XP percentage of total XP
 D = Spawn monster count
 E = Non-spawn monster count
 F = Spawn count percentage of total count
 G = Total turns spent on level
                    A         B        C        D         E        F      G
               +---------+---------+-------+---------+---------+-------+---------
         Total |       0 |   57979 |   0.0 |       0 |     413 |   0.0 | 20353
               +---------+---------+-------+---------+---------+-------+---------
           D:1 |       0 |      65 |   0.0 |       0 |      32 |   0.0 |  1259
           D:2 |       0 |     179 |   0.0 |       0 |      26 |   0.0 |   854
           D:3 |       0 |     109 |   0.0 |       0 |      16 |   0.0 |   830
           D:4 |       0 |     252 |   0.0 |       0 |      11 |   0.0 |  1278
           D:5 |       0 |    1243 |   0.0 |       0 |      14 |   0.0 |  1014
           D:6 |       0 |     643 |   0.0 |       0 |      16 |   0.0 |   962
           D:7 |       0 |    1008 |   0.0 |       0 |      25 |   0.0 |  1789
           D:8 |       0 |    2920 |   0.0 |       0 |      25 |   0.0 |   995
           D:9 |       0 |    2969 |   0.0 |       0 |      24 |   0.0 |   965
          D:10 |       0 |    6923 |   0.0 |       0 |      38 |   0.0 |  1616
          D:11 |       0 |    6028 |   0.0 |       0 |      40 |   0.0 |  1645
        Lair:1 |       0 |    6384 |   0.0 |       0 |      25 |   0.0 |  1137
        Lair:2 |       0 |    4932 |   0.0 |       0 |      11 |   0.0 |   859
        Lair:3 |       0 |    5830 |   0.0 |       0 |      13 |   0.0 |  1463
        Lair:4 |       0 |   11078 |   0.0 |       0 |      38 |   0.0 |  1550
        Lair:5 |       0 |    3615 |   0.0 |       0 |      18 |   0.0 |  1111
        Lair:6 |       0 |    3541 |   0.0 |       0 |      14 |   0.0 |   116
       Ossuary |       0 |     260 |   0.0 |       0 |      27 |   0.0 |   697
               +---------+---------+-------+---------+---------+-------+---------
